← All builds
Air / Cortex / Economy first / OBSERVED BUILD

Standard air

Cortex Air build order · Supreme Isthmus

The role's baseline: Aircraft Plant immediately, transports and scouts for the team first, Advanced Metal Extractor and Fusion Reactor on a normal timeline, transitioning into Valiant fighter coverage over the game.

Usually transports first (72%)

#eco #team support #air · 633 distinct matches · 123 players · 79% of Cortex Air games · team won 48% of 707 · Recently observed

HOW TO PLAY IT

Key timing: Aircraft Plant by 1:24

  1. Take 3 mex and open wind before committing to aircraft plant.
  2. Finish aircraft plant to start churning scouts and transports.
  3. Send Hercules, Finch and Hephaestus to allies as they ask.
  4. Get your advanced metal extractor up to fund fighter spam.
  5. Bring fusion online and shift into Valiant fighter coverage.

Phase by phase

TYPICAL OF ITS 633 GAMES
  1. 1
  2. 2
  3. 3
PLAY THE OPENING

Follow the example game's first 6:00 step by step: what to build now, what comes next, and where it goes. At 1× it keeps pace with your own game.

  1. 1

    Up to the Aircraft Plant

    Economy
    • Metal Extractor3Mex
    • Wind Turbine4Wind
    Order
    1. Aircraft PlantAircraft Plant after 3 mex, 4 winddone ~1:22, middle half 1:13–1:35

    Some games also: energy storage (38%)

    By 1:03 in all: 3 mex · 4 wind

    The example game in this phase · 3 steps
    1. Mex ×3
    2. Wind ×3
    3. Aircraft PlantAircraft Plantdone 1:07 · typical 1:22
  2. 2

    Aircraft Plant to 5:00

    Economy
    • Metal Extractor1Mex
    • Wind Turbine9Wind
    • Wind Turbine3Wind
    Builders
    • Construction Turret2 Con turret
    • Construction Aircraft1 Con aircraft
    Army
    • Valiant5 Valiant
    • Finch2 Finch for allies
    • Hercules2 Light transport for allies
    • Hephaestus1 Heavy transport for allies
    • Shuriken1 Shuriken

    Some games also: energy storage (46%) · light transport (44%) · converter (40%) · con turret (33%)

    By 5:00 in all: 3 mex · 1 mex · 13 wind · 3 wind · 1 energy storage · 2 con turret

    The example game in this phase · 34 steps
    1. Wind
    2. FinchFinchfor Geo sea
    3. HerculesLight transportfor Geo sea
    4. Wind
    5. ValiantValiant
    6. Wind ×2
    7. ValiantValiant
    8. Wind ×8
    9. Construction AircraftCon aircraft
    10. ValiantValiant
    11. Mex
    12. Con turret
    13. ValiantValiant
    14. Con turret
    15. ValiantValiant
    16. HephaestusHeavy transport
    17. ValiantValiant
    18. HerculesLight transportfor Tech
    19. ValiantValiant
    20. Wind
    21. ValiantValiant
    22. Converter
    23. Wind
    24. ValiantValiant
    25. Wind
    26. ValiantValiant ×2
    27. ShurikenShuriken ×2
    28. Wind
    29. ShurikenShuriken
    30. Converter
    31. ShurikenShuriken ×2
    32. Wind
    33. ValiantValiant ×2
    34. Converter
  3. 3

    5:00 to 10:00

    Economy
    • Wind Turbine20Wind
    • Wind Turbine4Wind
    • Energy Converter6Converter
    Order
    1. Aircraft PlantEat Aircraft Plant
    2. Aircraft PlantAircraft Plant after 18 wind, 17 wind, 6 converterin 58% of games
    Builders
    • Construction Turret4 Con turret
    Army
    • Valiant9 Valiant

    Some games also: shuriken (50%) · fusion (36%) · con aircraft (35%) · light transport (31%)

    By 10:00 in all: 3 mex · 1 mex · 24 wind · 19 wind · 8 converter · 1 energy storage

    The example game in this phase · 164 steps
    1. ValiantValiant
    2. Wind
    3. ValiantValiant
    4. FinchFinch
    5. Wind
    6. Converter
    7. ValiantValiant
    8. Wind
    9. ValiantValiant
    10. HerculesLight transportfor Pond
    11. ValiantValiant ×3
    12. Wind
    13. ValiantValiant
    14. HerculesLight transport
    15. Wind
    16. ValiantValiant
    17. Energy storage
    18. ValiantValiant
    19. Wind
    20. Converter
    21. Advanced Metal ExtractorT2 mexdone 6:51 · typical 6:50
    22. ValiantValiant
    23. Aircraft PlantEat Aircraft Plantreclaimed for its metal
    24. Wind ×2
    25. Converter
    26. Advanced Metal ExtractorT2 mex
    27. Wind ×3
    28. Advanced Metal ExtractorT2 mex
    29. Wind
    30. Converter
    31. Aircraft PlantAircraft Plantdone 7:56
    32. Wind
    33. ShurikenShuriken
    34. Wind
    35. ShurikenShuriken ×2
    36. Con turret ×2
    37. ShurikenShuriken
    38. Wind
    39. ShurikenShuriken
    40. Advanced Metal ExtractorT2 mex
    41. ShurikenShuriken
    42. Wind
    43. ShurikenShuriken ×5
    44. Wind ×2
    45. Construction AircraftCon aircraft
    46. Wind
    47. Bot LabBot Labdone 9:16
    48. Construction BotCon bot
    49. ValiantValiant
    50. Converter
    51. Construction BotCon bot
    52. ValiantValiant ×2
    53. Construction BotCon bot
    54. ValiantValiant ×2
    55. Construction BotCon bot
    56. ValiantValiant ×2
    57. Construction BotCon bot
    58. ValiantValiant ×2
    59. Wind
    60. ValiantValiant
    61. Construction BotCon bot
    62. ValiantValiant
    63. Converter
    64. Wind
    65. ValiantValiant
    66. Wind
    67. ValiantValiant
    68. Construction BotCon bot
    69. ValiantValiant
    70. Wind
    71. ValiantValiant
    72. Construction BotCon bot
    73. ValiantValiant
    74. Wind
    75. ValiantValiant
    76. Construction BotCon bot
    77. Wind
    78. ValiantValiant ×2
    79. Construction BotCon bot
    80. Wind
    81. ValiantValiant
    82. Construction BotCon bot
    83. Wind
    84. ValiantValiant
    85. Construction BotCon bot
    86. Wind
    87. Converter
    88. Construction BotCon bot
    89. ValiantValiant
    90. Wind
    91. Construction BotCon bot
    92. ValiantValiant
    93. Wind ×3
    94. Construction BotCon bot
    95. Wind
    96. ValiantValiant
    97. Wind ×3
    98. ValiantValiant
    99. Wind
    100. ValiantValiant
    101. Wind ×2
    102. ValiantValiant
    103. Wind ×3
    104. ValiantValiant
    105. Wind ×4
    106. ValiantValiant
    107. Wind ×2
    108. ValiantValiant
    109. Wind ×3
    110. Converter
    111. ValiantValiant
    112. Wind ×2
    113. ValiantValiant
    114. Wind
    115. Con turret
    116. Wind ×6
    117. Con turret
    118. ValiantValiant
    119. Wind ×3
    120. Mex
    121. Con turret
    122. Wind ×3
    123. Con turret
    124. Wind ×3
    125. ValiantValiant
    126. Wind ×2
    127. ValiantValiant
    128. Wind ×2
    129. ValiantValiant
    130. Wind
    131. ValiantValiant
    132. Wind
    133. Mex
    134. Wind
    135. ValiantValiant
    136. Wind ×2
    137. ValiantValiant
    138. Wind
    139. ValiantValiant
    140. Wind ×3
    141. ValiantValiant
    142. Wind
    143. ValiantValiant
    144. Wind
    145. ValiantValiant
    146. Wind ×2
    147. ValiantValiant
    148. Wind ×3
    149. ValiantValiant
    150. Wind
    151. ValiantValiant
    152. Wind
    153. ValiantValiant
    154. Wind ×3
    155. ValiantValiant
    156. Wind
    157. FinchFinch
    158. Wind
    159. ValiantValiant
    160. Wind
    161. ValiantValiant
    162. Wind
    163. ValiantValiant
    164. Wind ×9

Counts are medians over the build's games: half of them build more, half fewer. The example game is ITz_Sifu's (35 OS, 08/10/2026); pick another.

Team trades

IN AT LEAST 30% OF ITS GAMES

You hand over

  • Finch2 Finch to Geo sea or Beach seafirst at 1:51 · in 96% of games
  • Hercules3 Light transport to Tech or Geo sea or Beach seafirst at 2:06 · in 99% of games
  • Hephaestus1 Heavy transport to Beach sea or Pond or Techfirst at 2:26 · in 74% of games

You get

  • Wind Turbine3 Wind from Beach sea or Geo seafirst at 1:38 · in 65% of games
  • Wind Turbine3 Wind from Beach sea or Geo sea or Pondfirst at 1:44 · in 48% of games
  • Construction Bot1 Con bot from Techfirst at 2:20 · in 85% of games
  • Advanced Construction Bot1 T2 con bot from Techfirst at 6:03 · in 95% of games

How it plays out

Typical game of this build, running totals by minute

Metal produced

010k20k30k
0:005:0010:0015:00

metal

Enemy metal destroyed

01k2k3k
0:005:0010:0015:00

metal

Own metal lost

01k2k3k
0:005:0010:0015:00

metal

707 games.

Show as table
ByMetal produced: This buildEnemy metal destroyed: This buildOwn metal lost: This build
1:0039300
2:0092500
3:00145900
4:002057051
5:00276873116
6:003751125167
7:005142190225
8:007010240292
9:009301263344
10:0011805340474
11:0014399440641
12:0017093607949
13:00199139491280
14:002269914671852
15:002558321432789
WHAT THE NUMBERS SAY

Standard air sits below average team win rate at 48%, reflecting the role's support nature rather than kills.

  • + Aircraft plant lands fast at 1:24, enabling early transport and scout support.
  • − Own metal lost still reaches 2705 by 15:00 despite a support-first role.
THE EXAMPLE YOU ARE READING

ITz_Sifu

35.1 OS · 08/10/2026

Open source match ↗

6 received units · includes a constructor
403 metal received · 69970 energy received

Allied construction assistance is unknown. Timings are observations, not a promise of solo reproducibility.

Typical milestones

Aircraft Plant1:22Middle 50%: 1:13–1:35 · n=707
Advanced Metal Extractor6:50Middle 50%: 6:24–7:25 · n=681
Fusion Reactor10:52Middle 50%: 9:53–12:08 · n=442

Played most by

DRM44games of this buildAdeus37games of this buildTheGeneraI32games of this buildImmort29games of this buildNutzz29games of this build
Standard air · Cortex Air build order · BAR Build Atlas